 Dungeon Crawl Stone Soup version 0.27-a0-1532-gca18f49f40 (webtiles) character file.

Game seed: 15620022797246484341

65 garrulousMonolith the Magician (level 4, -4/27 (32) HPs)
             Began as a Gnoll Hedge Wizard on July 12, 2021.
             Slain by a wight (12 damage)
             ... on level 4 of the Dungeon.
             The game lasted 00:02:48 (2651 turns).

garrulousMonolith the Magician (Gnoll Hedge Wizard) Turns: 2651, Time: 00:02:48

HP:   -4/27 (32)    AC:  3    Str:  9    XL:     4   Next: 13%
MP:   1/13          EV: 12    Int: 14    God:
Gold: 100           SH:  0    Dex: 12    Spells: 9/17 levels left

rFire    . . .     SeeInvis .   l - +0 rapier
rCold    . . .     Faith    .   (no shield)
rNeg     . . .     Spirit   .   h - +0 leather armour
rPois    .         Reflect  .   c - +0 hat
rElec    .         Harm     .   (no cloak)
rCorr    .         Rampage  .   (no gloves)
Will     .....                  (no boots)
Stlth    ++........             (no amulet)
HPRegen  0.09/turn              (no ring)
MPRegen  0.13/turn              (no ring)

@: heavily drained
A: fangs 1, strong nose, distributed training
a: no special abilities


You were on level 4 of the Dungeon.
You visited 1 branch of the dungeon, and saw 4 of its levels.

You collected 100 gold pieces.

Inventory:

Hand Weapons
 a - a +0 dagger
 l - a +0 rapier (weapon)
Armour
 b - a +0 robe
 c - a +0 hat (worn)
 h - a +0 leather armour (worn)
Scrolls
 e - a scroll of magic mapping {unknown}
 j - a scroll of identify {unknown}
 k - a scroll of fear {unknown}
 m - a scroll of vulnerability
 n - a scroll of amnesia {unknown}
Potions
 d - 2 potions of attraction
 f - a potion of magic {unknown}
 i - a potion of heal wounds {unknown}


   Skills:
 + Level 1.0 Fighting
 + Level 1.0 Short Blades
 + Level 1.0 Long Blades
 + Level 1.0 Axes
 + Level 1.0 Maces & Flails
 + Level 1.0 Polearms
 + Level 1.0 Staves
 + Level 1.0 Slings
 + Level 1.0 Bows
 + Level 1.0 Crossbows
 + Level 1.0 Throwing
 + Level 1.0 Armour
 + Level 4.6 Dodging
 + Level 4.2 Stealth
 + Level 1.0 Shields
 + Level 1.0 Unarmed Combat
 + Level 7.2 Spellcasting
 + Level 2.2 Conjurations
 + Level 0.8 Hexes
 + Level 2.2 Summonings
 + Level 0.8 Necromancy
 + Level 2.2 Translocations
 + Level 0.8 Transmutations
 + Level 0.8 Fire Magic
 + Level 0.8 Ice Magic
 + Level 0.8 Air Magic
 + Level 0.8 Earth Magic
 + Level 0.8 Poison Magic
 + Level 1.1 Invocations
 + Level 1.0 Evocations


You had 9 spell levels left.
You knew the following spells:

 Your Spells              Type           Power      Damage    Failure   Level
a - Magic Dart            Conj           44%        1d5       8%          1
b - Call Imp              Summ           11%        N/A       12%         2
c - Blink                 Tloc           N/A        N/A       12%         2
d - Mephitic Cloud        Conj/Pois/Air  8%         N/A       32%         3

Your spell library contained the following spells:

 Spells                   Type           Power      Damage    Failure   Level
 Slow                     Hex            7%         N/A       21%         2
 Conjure Flame            Conj/Fire      9%         6-21      30%         3
 Ozocubu's Armour         Ice            7%         N/A       38%         3
 Ozocubu's Refrigeration  Ice            3%         4d5       100%        7


Dungeon Overview and Level Annotations

Branches:
Dungeon (4/15)
 Temple: D:4-7

Altars:


Innate Abilities, Weirdness & Mutations

You have very sharp teeth.
Your uncanny sense of smell can sniff out nearby items.
Your experience applies equally to all skills.


Message History

The wight hits you with a +2 long sword!
* * * LOW HITPOINT WARNING * * *
You feel drained.
* * * LOW HITPOINT WARNING * * *
Your white imp hits the wight but does no damage.
You feel better.
The wight hits your crimson imp with a +2 long sword!
Your white imp barely misses the wight.
Your crimson imp hits the wight but does no damage.
You aren't carrying any items that you can evoke.
Casting: Magic Dart (safe; 8% risk of failure)
Confirm with . or Enter, or press ? or * to list all spells.
Aiming: Magic Dart (safe; 8% risk of failure)
Press: ? - help, Shift-Dir - straight line, f/p - wight
Aim: a wight, wielding a +2 long sword and wearing a +0 robe (moderately damaged, ally target, 100% to hit)
The magic dart hits the wight but does no damage.
The wight is moderately damaged.
The wight barely misses your crimson imp.
Your white imp gestures at the wight.
The puff of frost misses the wight.
Your crimson imp completely misses the wight.
You hit the wight.
The wight is heavily damaged.
The wight misses your crimson imp.
Your white imp closely misses the wight.
Your crimson imp hits the wight but does no damage.
You hit the wight but do no damage. Your bite misses the wight.
The wight is heavily damaged.
The wight hits your crimson imp with a +2 long sword.
Your white imp hits the wight but does no damage.
Your crimson imp blinks!
You hit the wight.
The wight is heavily damaged.
The wight completely misses you.
Your white imp gestures at the wight.
The puff of frost hits the wight.
The wight completely resists.
You hit the wight.
The wight is severely damaged.
The wight hits you with a +2 long sword!
You die...

#.# #.# ####.#
....# #..#
#..########
#......<..#
########.#########
.......5.@.......
########z########
#....z# #.#####
#.:.z....
#########


You could see 2 wights and a friendly white imp (summoned).

Vanquished Creatures
  2 adders (D:2)
  A dart slug (D:3)
  2 orcs
  4 ball pythons
  3 endoplasms
  2 giant cockroaches
  3 goblins
  6 hobgoblins
  A quokka (D:3)
  3 bats
  5 frilled lizards
  4 kobolds
  2 rats
38 creatures vanquished.

Vanquished Creatures (collateral kills)
  A bat (D:2)
  A quokka (D:2)
2 creatures vanquished.

Grand Total: 40 creatures vanquished

Notes
Turn   | Place    | Note
-------+----------+-------------------------------------------
     0 | D:1      | garrulousMonolith the Gnoll Hedge Wizard began the quest
                  | for the Orb.
     0 | D:1      | Reached XP level 1. HP: 13/13 MP: 8/8
    25 | D:1      | Found a faded altar of an unknown god.
   301 | D:1      | Reached XP level 2. HP: 17/19 MP: 1/10
   699 | D:2      | Reached XP level 3. HP: 25/25 MP: 4/11
   806 | D:2      | Learned a level 2 spell: Call Imp
   809 | D:2      | Learned a level 2 spell: Blink
  1331 | D:2      | Reached skill level 1 in Invocations
  1819 | D:3      | Reached skill level 1 in Fighting
  1819 | D:3      | Reached skill level 1 in Short Blades
  1819 | D:3      | Reached skill level 1 in Long Blades
  1819 | D:3      | Reached skill level 1 in Axes
  1819 | D:3      | Reached skill level 1 in Maces & Flails
  1819 | D:3      | Reached skill level 1 in Polearms
  1819 | D:3      | Reached skill level 1 in Staves
  1819 | D:3      | Reached skill level 1 in Slings
  1819 | D:3      | Reached skill level 1 in Bows
  1819 | D:3      | Reached skill level 1 in Crossbows
  1819 | D:3      | Reached skill level 1 in Throwing
  1819 | D:3      | Reached skill level 1 in Armour
  1819 | D:3      | Reached skill level 1 in Shields
  1819 | D:3      | Reached skill level 1 in Unarmed Combat
  1819 | D:3      | Reached skill level 1 in Evocations
  2104 | D:3      | Reached XP level 4. HP: 31/32 MP: 7/13
  2604 | D:4      | Learned a level 3 spell: Mephitic Cloud
  2651 | D:4      | Slain by a wight

Illustrated notes

Levels and vault maps discovered:
D:1:      lightli_arrival_boilingwater, layout_rooms,
          hellmonk_ecumenical_altar_heavens_door, minmay_tripent
D:2:      layout_loops_ring
D:3:      layout_loops_cross, minivault_11
D:4:      layout_basic

Skill      XL: |  1  2  3 |
---------------+----------+-----
Conjurations   | 2 |  2.2
Summonings     | 2 |  2.2
Translocations | 2 |  2.2
Invocations    | 1 |  1.1
Fighting       | 1 |  1.0
Short Blades   | 1 |  1.0
Long Blades    | 1 |  1.0
Axes           | 1 |  1.0
Maces & Flails | 1 |  1.0
Polearms       | 1 |  1.0
Staves         | 1 |  1.0
Slings         | 1 |  1.0
Bows           | 1 |  1.0
Crossbows      | 1 |  1.0
Throwing       | 1 |  1.0
Armour         | 1 |  1.0
Shields        | 1 |  1.0
Unarmed Combat | 1 |  1.0
Evocations     | 1 |  1.0
Dodging        | |  4.6
Stealth        | |  4.2
Spellcasting   | |  7.2
Hexes          | |  0.8
Necromancy     | |  0.8
Transmutations | |  0.8
Fire Magic     | |  0.8
Ice Magic      | |  0.8
Air Magic      | |  0.8
Earth Magic    | |  0.8
Poison Magic   | |  0.8

Action                   |  1- 3 |  4- 6 || total
-------------------------+-------+-------++-------
Melee: Dagger            |    15 |       ||    15
       Bite              |     2 |       ||     2
       Rapier            |    14 |     5 ||    19
 Cast: Magic Dart        |    75 |    13 ||    88
       Call Imp          |     1 |     4 ||     5
       Blink             |       |     1 ||     1
  Use: Potion            |     2 |     1 ||     3
       Scroll            |       |     1 ||     1
 Stab: Sleeping          |     2 |       ||     2
Armor: Robe              |     1 |       ||     1
       Leather armour    |    10 |       ||    10
Dodge: Dodged            |    32 |     2 ||    34

Table legend: (Time is in decaauts)
 A = Elapsed time spent in this place.
 B = Non-inter-level travel time spent in this place.
 C = Inter-level travel time spent in this place.
 D = Time resting spent in this place.
 E = Time spent auto-exploring this place.
 F = Levels seen in this place.
 G = Mean time per level.
                   A        B        C        D        E       F      G
               +--------+--------+--------+--------+--------+-----+--------+
         Total |   2654 |   2544 |    110 |     76 |   2221 |   4 |  663.5 |
       Dungeon |   2654 |   2544 |    110 |     76 |   2221 |   4 |  663.5 |
               +--------+--------+--------+--------+--------+-----+--------+

Top non-repeatable levels by time:
     D:2: 1196 daAuts
     D:3: 784 daAuts
     D:1: 619 daAuts
     D:4: 54 daAuts
